 Dungeon Crawl Stone Soup version 0.28.0-43-g3370ac3207 (console) character file.

Game seed: 16454750364388270383

203 Zeor the Cudgeller (level 5, -4/33 HPs)
             Began as a Gargoyle Berserker on Mar 30, 2022.
             Was a Priest of Trog.
             Slain by Duvessa
             ... wielding a +0 rapier
              (7 damage)
             ... on level 4 of the Dungeon.
             The game lasted 00:06:34 (2502 turns).

Zeor the Cudgeller (Gargoyle Berserker)             Turns: 2502, Time: 00:06:34

Health: -4/33      AC: 14    Str: 22    XL:     5   Next: 81%
Magic:  1/1        EV:  8    Int:  8    God:    Trog [***...]
Gold:   81         SH:  0    Dex: 15    Spells: 4/4 levels left

rFire   . . .      SeeInvis .   g - +0 lajatang (antimagic)
rCold   . . .      Faith    .   (shield currently unavailable)
rNeg    + . .      Spirit   .   b - +1 chain mail of Theory {rElec}
rPois   ∞          Reflect  .   (no helmet)
rElec   +          Harm     .   (no cloak)
rCorr   .          Rampage  .   (no gloves)
Will    .....                   (no boots)
Stlth   ..........              (no amulet)
HPRegen 0.11/turn               c - +6 ring of dexterity
MPRegen 0.07/turn               (no ring)

@: no status effects
A: sickness immunity, AC +4, negative energy resistance 1, electricity
resistance, torment resistance 1, petrification resistance
a: Renounce Religion, Berserk, Trog's Hand


You were on level 4 of the Dungeon.
You worshipped Trog.
Trog was most pleased with you.
You visited 1 branch of the dungeon, and saw 4 of its levels.

You collected 81 gold pieces.

Inventory:

Hand Weapons
 a - a +0 mace
 e - a +0 morningstar
 g - a +0 antimagic lajatang (weapon)
Missiles
 f - 33 arrows
Armour
 b - the +1 chain mail of Theory (worn) {rElec}
   (You found it on level 2 of the Dungeon)

   rElec:     It insulates you from electricity.
Jewellery
 c - a +6 ring of dexterity (left hand)


   Skills:
 * Level 4.2 Fighting
 - Level 4.9(5.0) Maces & Flails
 * Level 1.1(3.2) Staves
 * Level 3.2 Armour
 + Level 1.9 Dodging
 + Level 0.1 Stealth


You had 4 spell levels left.
You didn't know any spells.
Your spell library was empty.

Dungeon Overview and Level Annotations

Branches:
Dungeon (4/15)
 Temple: D:4-7

Altars:

Annotations:
D:4 Duvessa


Innate Abilities, Weirdness & Mutations

You are immune to sickness and miasma.
Your stone body is resilient. (AC +4)
You are immune to poison.
You resist negative energy. (rN+)
You are resistant to electric shocks. (rElec)
You are resistant to unholy torment.
You are immune to petrification.


Message History

A hobgoblin is nearby!
The hobgoblin shouts!
A bullfrog skeleton comes into view.
You barely miss the bullfrog skeleton.
The bullfrog skeleton barely misses you.
The bullfrog skeleton barely misses you.
You hit the bullfrog skeleton.
The bullfrog skeleton is lightly damaged.
The bullfrog skeleton hits you.
You hit the bullfrog skeleton.
The bullfrog skeleton is moderately damaged.
The bullfrog skeleton hits you.
You are too injured to fight recklessly!
You are too injured to fight recklessly!
You barely miss the hobgoblin.
An endoplasm comes into view.
You barely miss the hobgoblin.
The endoplasm quivers.
The hobgoblin hits you. The hobgoblin closely misses you.
You closely miss the hobgoblin.
Duvessa, Sister of Dowan comes into view.
She is wielding a +0 rapier.
The hobgoblin completely misses you.
You aren't carrying any potions.
You closely miss the hobgoblin.
Duvessa shouts!
You hear a shout! x3
The hobgoblin closely misses you.
You hear a bark!
You aren't carrying any scrolls.
You slash the hobgoblin!
You kill the hobgoblin!
Trog accepts your kill.
The endoplasm hits you but does no damage.
You slash the endoplasm!
You kill the endoplasm!
Trog accepts your kill.
You barely miss Duvessa. Duvessa hits you with a +0 rapier.
You closely miss Duvessa. Duvessa hits you with a +0 rapier!
* * * LOW HITPOINT WARNING * * *
Duvessa hits you with a +0 rapier!
You die...

▒▒∙∙ ∙∙∙ ∙∙ ▒
▒∙ ∙∙
▒∙▒▒▒∙▒▒▒▒▒▒▒∙▒
▒∙∙∙∙∙∙<∙∙∙∙∙▒
▒∙▒▒∙∙∙∙∙∙Z▒▒▒▒
▒∙∙∙∙▒▒e▒
▒∙▒▒∙▒▒9▒ ▒∙
▒∙▒▒†▒ ▒∙
▒∙▒▒∙▒ ∙ ∙∙▒∙∙$
▒


∙∙∙∙∙∙ ∙∙∙∙∙ ∙∙∙∙∙ ▒$∙∙∙∙▒ You could see Duvessa and a bullfrog skeleton.

Vanquished Creatures
  2 orc wizards
  A hound skeleton (D:4)
  3 adders
  4 gnolls (D:3)
  A worm (D:2)
  7 orcs
  5 ball pythons
  7 bats
  2 endoplasms
  5 giant cockroaches
  3 goblins
  5 hobgoblins
  10 kobolds
  6 frilled lizards
  5 rats
66 creatures vanquished.

Vanquished Creatures (others)
  A howler monkey (D:4)
  11 plants (D:3)
12 creatures vanquished.

Grand Total: 78 creatures vanquished

Notes
Turn   | Place    | Note
-------+----------+-------------------------------------------
     0 | D:1      | Zeor the Gargoyle Berserker began the quest for the Orb.
     0 | D:1      | Reached XP level 1. HP: 14/14 MP: 1/1
    91 | D:1      | Reached XP level 2. HP: 19/19 MP: 2/2
   222 | D:1      | Found a faded altar of an unknown god.
   906 | D:2      | Reached XP level 3. HP: 23/23 MP: 3/3
   920 | D:2      | Reached ** piety under Trog
  1099 | D:2      | Identified the +1 chain mail of Theory {rElec}
  1764 | D:3      | Reached XP level 4. HP: 29/29 MP: 4/4
  1946 | D:3      | Reached XP level 5. HP: 24/33 MP: 5/5
  2160 | D:3      | Identified a scroll of acquirement
  2195 | D:3      | Acquired a +0 antimagic lajatang
  2477 | D:4      | Reached skill level 1 in Staves
  2497 | D:4      | Noticed Duvessa
  2499 | D:4      | Reached *** piety under Trog
  2502 | D:4      | Slain by Duvessa

Illustrated notes

Levels and vault maps discovered:
D:1:      lightli_arrival_boilingwater, layout_rooms,
          nicolae_ecumenical_snake_handling, chequers_serial_rivers_micro_c
D:2:      layout_loops_corners
D:3:      layout_rooms, lexackson_kobold_supper
D:4:      layout_loops_ring, xom_confusion_cloud, uniq_duvessa

Skill      XL: |  1  2  3  4  5 |
---------------+----------------+-----
Maces & Flails | 4 |  4.9
Fighting       | 4 |  4.2
Staves         | 1 |  1.1
Armour         | 3 |  3.2
Dodging        | |  1.9
Stealth        | |  0.1

Action                   |  1- 3 |  4- 6 || total
-------------------------+-------+-------++-------
Melee: Mace              |    98 |    46 ||   144
       Punch             |     1 |       ||     1
       Lajatang          |       |    47 ||    47
Invok: Berserk           |       |     1 ||     1
       Trog's Hand       |       |     1 ||     1
  Use: Scroll            |     1 |     4 ||     5
       Potion            |       |     4 ||     4
Armor: Animal skin       |    24 |       ||    24
       Chain mail        |    27 |    77 ||   104
Dodge: Dodged            |    59 |    52 ||   111
